 Dungeon Crawl Stone Soup version 0.29.1-12-g30fa7ad0bf (webtiles) character file.

Game seed: 14386339927412300363

395778 soggyman666 the Executioner (level 22, -1/181 (186) HPs)
             Began as a Minotaur Fighter on Dec 27, 2022.
             Was the Champion of Trog.
             Slain by a frost giant
             ... wielding a +2 battleaxe of freezing
              (9 damage)
             ... on level 5 of the Vaults on Dec 28, 2022.
             The game lasted 06:19:18 (78443 turns).

soggyman666 the Executioner (Minotaur Fighter)     Turns: 78443, Time: 06:19:22

HP:   -1/181 (186)  AC: 34    Str: 40    XL:     22   Next: 18%
MP:   13/18         EV: 23    Int:  3    God:    Trog [******]
Gold: 2230          SH: 20    Dex: 25    Spells: 21/21 levels left

rFire   . . .      SeeInvis +   u - +11 hand axe of Integrity {vamp, rElec rPois Dex+5}
rCold   + . .      Faith    .   Y - +3 kite shield {rPois}
rNeg    . . .      Spirit   .   L - +8 plate armour "Macvetir" {Rampage Str+3 Int+2 Dex+3}
rPois   +          Reflect  .   k - +0 hat "Lyboewn" {-Cast Fly rPois rC+}
rElec   +          Harm     .   M - +2 cloak
rCorr   +          Rampage  +   z - +2 pair of gloves {hurl}
Will    ++...      NoCast   +   N - +2 pair of boots
Stlth   ..........              F - amulet of Fuediud {Acrobat SInv}
HPRegen 0.00/turn               V - ring "Ykosh" {rCorr Str+6 Int-2 Dex+6 Stlth+}
MPRegen 0.16/turn               P - ring of willpower

@: mighty, flying, inhibited regen, lightly drained, invisible
A: horns 2, retaliatory headbutt, deformed body, dopey 1, frail 1, low MP 1,
sense surroundings 1, inhibited regeneration, subdued magic 1, inability to
drink after injury 1, MP-powered wands
}: 2/15 runes: serpentine, barnacled
a: Renounce Religion, Berserk, Trog's Hand, Brothers in Arms


You were on level 5 of the Vaults.
You worshipped Trog.
Trog was exalted by your worship.
You visited 11 branches of the dungeon, and saw 44 of its levels.
You also visited: Trove, Sewer, Ice Cave, Wizlab and Desolation.

You collected 6288 gold pieces.
You spent 4058 gold pieces at shops.

Inventory:

Hand Weapons
 b - the +7 broad axe of the Thieving Gods {vorpal, Int+3}
   (You found it in a treasure trove)

   It inflicts extra damage upon your enemies.
   Int:       It affects your intelligence (+3).
 c - a +9 antimagic war axe
 n - the +7 mace of Destiny {drain, rC- Int+4 Dex+6}
   (You found it in the Desolation of Salt)

   A truly terrible weapon, it drains the life of any living foe it strikes.
   Int:       It affects your intelligence (+4).
   Dex:       It affects your dexterity (+6).
   rC:        It makes you vulnerable to cold.
 u - the +11 hand axe of Integrity (weapon) {vamp, rElec rPois Dex+5}
   (You found it on level 12 of the Dungeon)

   It occasionally heals its wielder for a portion of the damage dealt when it
   wounds a living foe.
   Dex:       It affects your dexterity (+5).
   rElec:     It insulates you from electricity.
   rPois:     It protects you from poison.
 I - the +8 whip "Snakebite" {venom, curare, rPois}
   (You found it on level 1 of the Lair of Beasts)

   It poisons the flesh of those it strikes.
   It occasionally inflicts asphyxiating poison on those it strikes, dealing
   poison damage and causing slowness.
   rPois:     It protects you from poison.
Armour
 f - a scarf of resistance
 k - the +0 hat "Lyboewn" (worn) {-Cast Fly rPois rC+}
   (You acquired it on level 2 of the Orcish Mines)

   rC:        It protects you from cold.
   rPois:     It protects you from poison.
   Fly:       It grants you flight.
   -Cast:     It prevents spellcasting.
 z - a +2 pair of gloves of hurling (worn)
 L - the +8 plate armour "Macvetir" (worn) {Rampage Str+3 Int+2 Dex+3}
   (You found it in the Desolation of Salt)

   Str:       It affects your strength (+3).
   Int:       It affects your intelligence (+2).
   Dex:       It affects your dexterity (+3).
   Rampage:   It bestows one free step when moving towards enemies.
 M - a +2 cloak (worn)
 N - a +2 pair of boots (worn)
 R - a +7 crystal plate armour of cold resistance
 Y - a +3 kite shield of poison resistance (worn)
Jewellery
 j - a +4 ring of evasion
 l - a ring of protection from cold
 o - an amulet of guardian spirit
 p - a +6 ring of strength
 q - an amulet of regeneration
 v - a ring of fire
 F - the amulet of Fuediud (around neck) {Acrobat SInv}
   (You found it on level 4 of the Shoals)

   [amulet of the acrobat]

   It increases your evasion while moving and waiting.
   SInv:      It lets you see invisible.
 O - the ring "Kadu" {rPois Str-3 Int+9}
   (You found it in the Desolation of Salt)

   [ring of poison resistance]

   Str:       It affects your strength (-3).
   Int:       It affects your intelligence (+9).
   rPois:     It protects you from poison.
 P - a ring of willpower (right hand)
 Q - a ring of positive energy
 T - an amulet of reflection
 U - the ring "Boseufaph" {rElec rN+}
   (You found it in the Desolation of Salt)

   [ring of positive energy]

   rElec:     It insulates you from electricity.
   rN:        It protects you from negative energy.
 V - the ring "Ykosh" (left hand) {rCorr Str+6 Int-2 Dex+6 Stlth+}
   (You bought it in a shop on level 2 of the Orcish Mines)

   [ring of dexterity]

   Str:       It affects your strength (+6).
   Int:       It affects your intelligence (-2).
   Dex:       It affects your dexterity (+6).
   rCorr:     It protects you from acid and corrosion.
   Stlth:     It makes you more stealthy.
 W - a ring of willpower
 X - a ring of fire
Wands
 d - a wand of roots (22)
 i - a wand of digging (17)
 m - a wand of mindburst (8)
 t - a wand of light (8)
 D - a wand of charming (21)
 G - a wand of polymorph (12)
 Z - a wand of flame (6) (quivered)
Scrolls
 r - 2 scrolls of silence
 w - 9 scrolls of fear
 y - 6 scrolls of poison
 A - a scroll of brand weapon
 E - 3 scrolls of magic mapping
 H - 2 scrolls of butterflies
 J - 8 scrolls of teleportation
 S - a scroll of enchant weapon
Potions
 a - a potion of might
 e - 17 potions of curing
 x - a potion of resistance
 B - 4 potions of berserk rage
Miscellaneous
 g - a condenser vane (inert)
 h - a lightning rod (4/4)
 s - a phantom mirror


   Skills:
 - Level 19.7 Fighting
 + Level 23.6(24.2) Axes
 - Level 10.1(18.2) Maces & Flails
 - Level 7.8 Throwing
 - Level 20.9 Armour
 * Level 18.1 Dodging
 - Level 2.5 Stealth
 - Level 19.6 Shields
 - Level 12.3 Evocations


You had 21 spell levels left.
You didn't know any spells.
Your spell library contained the following spells:

 Spells                   Type           Power      Damage    Failure   Level
 Magic Dart               Conj           0%         1d3       92%         1
 Sandblast                Erth           0%         2d4       92%         1
 Passwall                 Tmut/Erth      0%         N/A       98%         2
 Searing Ray              Conj           0%         2d4       98%         2
 Stone Arrow              Conj/Erth      0%         3d7       100%        3
 Animate Armour           Summ/Erth      0%         N/A       100%        4
 Fulminant Prism          Conj/Hex       0%         3d6       100%        4
 Lehudib's Crystal Spear  Conj/Erth      0%         10d2      100%        8


Dungeon Overview and Level Annotations

Branches:
Dungeon (15/15)            Temple (1/1) D:4            Lair (5/5) D:8
 Shoals (4/4) Lair:3        Snake (4/4) Lair:3        Slime (5/5) Lair:5
    Orc (2/2) D:12            Elf (1/3) Orc:2        Vaults (5/5) D:13
  Crypt (1/3) Vaults:3     Depths (1/4) D:15          Sewer (visited)
  IceCv (visited)          WizLab (visited)         Desolation (visited)

Altars:
Ashenzari
Cheibriados
Dithmenos
Elyvilon
Fedhas
Gozag
Hepliaklqana
Kikubaaqudgha
Makhleb
Nemelex Xobeh
Okawaru
Qazlal
Ru
Sif Muna
Trog
Uskayaw
Vehumet
Wu Jian
Xom
Yredelemnul
Zin
The Shining One
Jiyva

Shops:
D:5 [   D:15 *   Orc:2 ![?=   Elf:1 (   Snake:2 :==   Vaults:2 ?   Vaults:3 *?(

Portals:
Abyss: D:4

Annotations:
Slime:5 Royal Jelly


Innate Abilities, Weirdness & Mutations

You have a pair of horns on your head.
You reflexively headbutt those who attack you in melee.
Armour fits poorly on your strangely shaped body.
You are dopey. (Int -2)
You are frail. (-10% HP)
Your magical capacity is low. (-10% MP)
You passively map a small area around you.
You do not regenerate when monsters are visible.
Your spells are a little easier to cast, but a little less powerful.
You occasionally lose the ability to drink potions when taking damage.
You expend magic power (3 MP) to strengthen your wands.


Message History

The deep elf high priest utters a dark prayer and points at you.
The vault warden's life force is offered up.
The vault warden dies!
The runic seals fade away.
The shining eye is healed.
The ynoxinul is healed.
The phantasmal warrior is healed.
The ettin is healed.
The deep troll earth mage is healed.
The sixfirhy is healed.
The frost giant is healed. x2; The tengu reaver is healed.
The sixfirhy is healed.
The titan is healed.
The deep elf demonologist is healed.
The vault warden is healed.
The deep elf high priest is healed.
The stone giant is healed.
The tentacled monstrosity is healed.
The ettin is healed.
The titan is healed.
The fire giant is healed.
The iron dragon is healed.
The frost giant is healed.
The titan is healed.
The deep elf demonologist is healed.
The ancient lich is healed.
The tengu reaver is healed.
The sea snake is healed.
The fire giant is healed.
The tengu reaver is healed.
The red very ugly thing is healed.
The storm dragon is healed.
The ironbound convoker is healed.
The ettin is healed.
The elephant is healed.
The fire giant is engulfed in freezing vapours.
The vault warden is engulfed in freezing vapours.
The vault warden activates a sealing rune.
The deep elf demonologist is engulfed in freezing vapours.
The titan is engulfed in freezing vapours.
The frost giant is engulfed in freezing vapours. x2
The ironbound convoker is engulfed in freezing vapours.
The tentacled monstrosity is engulfed in freezing vapours.
The tentacled monstrosity completely misses you.
You furiously retaliate!
You headbutt the tentacled monstrosity!!
The tentacled monstrosity completely misses you.
You block the tentacled monstrosity's attack.
The tentacled monstrosity misses you.
The sixfirhy is engulfed in freezing vapours.
The ynoxinul is engulfed in freezing vapours.
The frost giant is engulfed in freezing vapours.
The frost giant hits you but does no damage.
The titan is engulfed in freezing vapours.
The ettin is engulfed in freezing vapours.
The frost giant is engulfed in freezing vapours.
The frost giant hits you with a +2 battleaxe of freezing!
You die...

*** , , #.
#....#.#.#. ,
.4§#.....#.#.#.
,
.§§#§.§§§.#.#.#
,.§§e§.§§§.§#§#
##§3C§3T§§§§###
.§§§CpLG§§§§§..
...CCCLQC§e....
,
...1CCX@§W§....,
...§C9DLCC§....
##.§pQCS§Q#####
...§3D3u3§§e. ,
, , ,
...#§§e§#..§§..
.. #§§C§#.Y####
, . ,#§§§.#..# ,
#)...#..# ,
,#....# .#


You could see a tentacled monstrosity, an iron dragon (strong), 3 titans, 2
ancient liches, a dread lich (fast), a storm dragon (wandering, unable to see
you), a Tzitzimitl (summoned), 4 frost giants, a red very ugly thing (strong,
unable to see you), 2 fire giants, a stone giant (unable to see you), a vault
warden, 3 tengu reavers, an elephant shaped shifter (wandering, unable to see
you), a deep elf annihilator, 3 ettins, a sea snake shaped shifter (wandering,
unable to see you, slow), a shining eye shaped shifter (strong), 2 deep elf
demonologists, a war gargoyle, a deep elf high priest (strong, unable to see
you), a phantasmal warrior (strong), an ironbound convoker (unable to see you),
a deep troll earth mage, 2 sixfirhies, a smoke demon (summoned, wandering,
unable to see you), a neqoxec (summoned, unable to see you), a ynoxinul
(summoned, unable to see you) and a chaos spawn (summoned, wandering, unable to
see you).

Vanquished Creatures
  A dread lich (Vaults:4)
  Mara (Shoals:3)
  Bai Suzhen (Shoals:4)
  A Head Instructor (WizLab)
  Margery (Vaults:3)
  Jorgrun (D:12)
  Mlioglotl (Snake:3)
  A quicksilver dragon (WizLab)
  19 acid blobs
  3 sphinxes
  2 krakens
  Polyphemus (Shoals:4)
  Frances (D:13)
  4 tengu reavers
  Kirke (Elf:1)
  9 rockslimes
  A shadow dragon (Vaults:2)
  A fenstrider witch (Shoals:4)
  A draconian knight (WizLab)
  A fire giant (Vaults:5)
  8 azure jellies
  A revenant (Vaults:3)
  A frost giant (Vaults:5)
  Aizul (Shoals:4)
  5 vault wardens
  2 nagarajas
  4 imperial myrmidons (Desolation)
  An orc warlord (Vaults:1)
  The ghost of Bifoip the Imperceptible, an adept SpAM of Dithmenos (Shoals:2)
  11 quicksilver oozes
  18 ironbound preservers
  A very ugly thing (Vaults:5)
  2 war gargoyles
  5 ironbound thunderhulks
  3 stone giants
  A vampire knight (Vaults:3)
  Nessos (D:12)
  An entropy weaver (Vaults:4)
  11 dire elephants
  An eidolon (Crypt:1)
  Snorg (D:12)
  2 crystal guardians
  A fire dragon (Lair:5)
  A deep elf death mage (Vaults:3)
  10 ragged hierophants (Desolation)
  3 ettins
  8 merfolk impalers
  5 merfolk javelineers
  13 yaktaur captains
  Fannar (D:12)
  5 great orbs of eyes
  38 vault guards
  9 boulder beetles
  14 servants of whispers (Desolation)
  7 hydras
  4 salamander tyrants (Snake:4)
  3 ogre magi
  A hydra (shapeshifter) (D:8)
  A rakshasa (D:15)
  10 anacondas
  5 ironbound frosthearts
  17 peacekeepers
  3 death yaks (Shoals:4)
  The ghost of Rudyous the Fighter, a novice MiFi of Gozag (D:10)
  2 dancing weapons
  2 merfolk avatars
  15 centaur warriors
  An alligator snapping turtle (Shoals:4)
  10 naga warriors
  2 catoblepae
  3 satyrs
  5 two-headed ogres
  5 merfolk aquamancers
  3 vampire magi (WizLab)
  8 shock serpents
  4 hell knights (Vaults:3)
  10 naga sharpshooters
  Lodul (D:10)
  14 sea snakes
  10 salamander mystics
  A swamp dragon (shapeshifter) (Vaults:4)
  32 deep trolls
  The ghost of soggyman666 the Thaumaturge, a novice DjFE of Ashenzari (D:7)
  A sea snake (shapeshifter) (D:15)
  2 naga ritualists
  18 ironbound convokers
  26 lindwurms
  7 wizards
  4 necromancers
  3 deep elf pyromancers
  4 fauns
  18 mana vipers
  20 harpies
  A sphinx zombie (Vaults:3)
  5 orc knights
  4 shining eyes
  28 ugly things
  14 orc sorcerers
  A wolf spider (Vaults:5)
  16 salamanders
  10 cyclopes
  15 elephants
  A toenail golem (D:4)
  15 manticores
  4 deep elf zephyrmancers (Elf:1)
  2 merfolk sirens
  3 ice statues (IceCv)
  24 vault sentinels
  29 black mambas
  4 water nymphs
  16 naga magi
  5 eyes of devastation
  14 cane toads
  3 gargoyles
  12 guardian serpents
  5 molten gargoyles
  A fire giant skeleton (Vaults:3)
  The ghost of wormed the Conjurer, a novice GnCj of Sif Muna (D:4)
  2 torpor snails
  2 unseen horrors
  6 rime drakes
  18 yaktaurs
  12 komodo dragons
  A komodo dragon (shapeshifter) (D:14)
  2 freezing wraiths
  3 guardian mummies (Crypt:1)
  2 tengu conjurers (WizLab)
  7 trolls
  24 merfolk
  73 saltlings (Desolation)
  3 polar bears
  4 wind drakes
  16 blink frogs
  3 hornets
  8 snapping turtles
  169 slime creatures
  7 dream sheep
  An air elemental (Elf:1)
  35 yaks
  6 water elementals
  A fire bat (shapeshifter) (D:13)
  3 wyverns
  4 wraiths
  4 shadows
  8 basilisks
  17 golden eyes
  2 hogs (Elf:1)
  A vampire mosquito (D:8)
  6 steam dragons
  A redback (Vaults:4)
  2 acid dragons
  41 nagas
  4 wargs
  2 harpy simulacra (IceCv)
  18 water moccasins
  4 hell hounds (Lair:5)
  17 orc warriors
  Pargi (Sewer)
  An ice beast (D:7)
  2 sky beasts (D:7)
  A deep troll simulacrum (Vaults:3)
  2 black bears
  19 ogres
  12 wolves
  4 boggarts (D:15)
  10 centaurs
  A phantom (D:5)
  11 kobold brigands
  8 bullfrogs
  2 necrophages
  3 small abominations (D:4)
  A gnoll sergeant (D:11)
  4 scorpions
  A cane toad simulacrum (IceCv)
  6 wights
  20 killer bees
  A vampire bat (Lair:2)
  4 howler monkeys
  12 electric eels
  5 lava snakes (Lair:5)
  18 orc priests
  A jelly (Lair:5)
  4 hounds
  2 human skeletons (Crypt:1)
  3 iguanas (D:5)
  37 orc wizards
  A polar bear simulacrum (IceCv)
  3 wolf simulacra (IceCv)
  5 mummies (Crypt:1)
  15 gnolls
  9 adders
  A river rat (D:4)
  A white imp (D:6)
  3 ufetubi
  5 worms
  3 dart slugs
  67 orcs
  5 ball pythons
  11 bats
  9 endoplasms
  27 goblins
  29 hobgoblins
  10 jackals (D:1)
  6 quokkas
  5 frilled lizards
  27 kobolds
  4 rats
  7 tentacles
1747 creatures vanquished.

Vanquished Creatures (collateral kills)
  A spriggan air mage (WizLab)
1 creature vanquished.

Vanquished Creatures (others)
  A vault warden (Vaults:5)
  A phantasmal warrior (Vaults:5)
  A wizard (WizLab)
  A manticore (Shoals:1)
  3 humans (Elf:1)
  An ice beast (D:6)
  2 kobold brigands (D:7)
  An orc (D:6)
  20 fungi
  128 plants
  22 tentacles
  3 withered plants (Desolation)
184 creatures vanquished.

Grand Total: 1932 creatures vanquished

Notes
Turn   | Place    | Note
-------+----------+-------------------------------------------
     0 | D:1      | soggyman666 the Minotaur Fighter began the quest for the
                  | Orb.
     0 | D:1      | Reached XP level 1. HP: 19/19 MP: 0/0
   309 | D:1      | Reached XP level 2. HP: 25/27 MP: 1/1
   659 | D:1      | Reached XP level 3. HP: 20/33 MP: 2/2
  1070 | D:1      | Reached skill level 3 in Axes
  2196 | D:2      | Reached XP level 4. HP: 41/41 MP: 3/3
  2716 | D:3      | Found a faded altar of an unknown god.
  2806 | D:3      | Reached skill level 4 in Axes
  3148 | D:3      | Reached XP level 5. HP: 23/47 MP: 4/4
  3951 | D:3      | Reached skill level 5 in Axes
  4161 | D:3      | Reached XP level 6. HP: 53/55 MP: 5/5
  4515 | D:4      | Reached skill level 5 in Fighting
  4515 | D:4      | Reached skill level 5 in Armour
  4515 | D:4      | Reached skill level 1 in Dodging
  4568 | D:4      | Reached skill level 6 in Axes
  4603 | D:4      | Reached skill level 1 in Evocations
  4603 | D:4      | Reached XP level 7. HP: 16/61 MP: 6/6
  4771 | D:4      | Found a glowing drain.
  4789 | Sewer    | Entered a sewer
  4960 | Sewer    | Noticed Pargi
  4967 | Sewer    | Killed Pargi
  4968 | Sewer    | Reached skill level 7 in Axes
  5243 | D:4      | Found a staircase to the Ecumenical Temple.
  5294 | D:4      | Found a transporter.
  5306 | D:4      | Noticed a toenail golem
  5307 | D:4      | Found a one-way gate to the infinite horrors of the Abyss.
  5307 | D:4      | Noticed wormed's ghost (novice GnCj)
  5310 | D:4      | Found a transporter.
  5602 | D:5      | Entered Level 5 of the Dungeon
  5631 | D:5      | Found a sparkling altar of Nemelex Xobeh.
  6000 | D:5      | Reached XP level 8. HP: 57/70 MP: 7/7
  6409 | D:5      | Found Etatsuebb's Antique Armour Shoppe.
  6415 | D:5      | Bought a runed scarf for 136 gold pieces
  6561 | D:5      | Reached skill level 8 in Axes
  6847 | Temple   | Entered the Ecumenical Temple
  7536 | D:6      | Reached skill level 5 in Shields
  7915 | D:7      | Reached skill level 9 in Axes
  7920 | D:7      | HP: 1/66 [wight/+3 great sword (8)]
  8344 | D:7      | Reached XP level 9. HP: 65/78 MP: 8/8
  8465 | D:7      | Found a runed translucent gate.
  8466 | D:7      | Found a runed translucent gate.
  8467 | D:7      | Noticed soggyman666's ghost (novice DjFE)
  8468 | D:7      | Found a runed translucent gate.
  9165 | D:7      | Reached skill level 10 in Axes
  9169 | D:7      | Killed soggyman666's ghost
  9170 | D:7      | Reached skill level 1 in Stealth
 10197 | D:8      | Found a radiant altar of Vehumet.
 10534 | D:8      | Found an iron altar of Okawaru.
 10649 | D:8      | Reached XP level 10. HP: 88/88 MP: 9/9
 10680 | D:8      | Reached skill level 11 in Axes
 10963 | D:8      | Noticed an eight-headed hydra
 10964 | D:8      | Noticed a cyclops
 10965 | D:8      | Noticed a boulder beetle
 10968 | D:8      | Reached skill level 5 in Evocations
 10972 | D:8      | Identified the +4 ring mail of the Pit {Harm rF++}
 11680 | D:9      | Found a bloodstained altar of Trog.
 11680 | D:9      | Found a white marble altar of Elyvilon.
 11689 | D:9      | Became a worshipper of Trog the Wrathful
 12634 | D:9      | Reached * piety under Trog
 13011 | D:8      | Found a staircase to the Lair.
 13092 | D:8      | Noticed a centaur warrior
 13110 | D:8      | Killed a centaur warrior
 13429 | D:8      | Noticed an eight-headed hydra
 13435 | D:8      | Killed an eight-headed hydra
 13489 | D:8      | Noticed a boulder beetle
 13829 | Lair:1   | Entered Level 1 of the Lair of Beasts
 13831 | Lair:1   | Noticed a cane toad
 13833 | Lair:1   | Reached skill level 10 in Armour
 13834 | Lair:1   | Reached XP level 11. HP: 86/95 MP: 10/10
 13845 | Lair:1   | Reached skill level 1 in Maces & Flails
 13846 | Lair:1   | Reached skill level 12 in Axes
 14590 | Lair:1   | Found the +8 whip "Snakebite" {venom, curare, rPois}
 14687 | Lair:1   | Found a shimmering altar of Xom.
 14726 | Lair:1   | Noticed a catoblepas
 14894 | D:8      | Reached skill level 13 in Axes
 14917 | D:8      | Killed a boulder beetle
 15281 | D:8      | Noticed a cyan ugly thing
 15341 | D:8      | Killed a nine-headed hydra
 15592 | D:8      | HP: 2/97 [red ugly thing (16)]
 16059 | Lair:1   | Killed a catoblepas
 16695 | Lair:2   | Noticed a five-headed hydra
 16705 | Lair:2   | Killed a five-headed hydra
 16772 | Lair:2   | Identified the +0 robe of Nemelex Xobeh's Hope {rC+ Regen+}
 16932 | Lair:2   | Reached XP level 12. HP: 105/105 MP: 11/11
 17129 | Lair:2   | Noticed a boulder beetle
 17151 | Lair:2   | Killed a boulder beetle
 17151 | Lair:2   | Reached ** piety under Trog
 17397 | Lair:2   | Reached skill level 14 in Axes
 17399 | Lair:2   | Reached skill level 10 in Fighting
 17915 | Lair:2   | Noticed a boulder beetle
 17925 | Lair:2   | Killed a boulder beetle
 18617 | D:8      | Killed a boulder beetle
 19224 | Lair:3   | Found a staircase to the Shoals.
 19806 | Lair:3   | Reached *** piety under Trog
 19978 | Lair:3   | Reached XP level 13. HP: 115/115 MP: 12/12
 20099 | Lair:3   | Found a staircase to the Snake Pit.
 20408 | Shoals:1 | Entered Level 1 of the Shoals
 20517 | Snake:1  | Entered Level 1 of the Snake Pit
 20540 | Snake:1  | Reached skill level 5 in Maces & Flails
 21000 | D:10     | Entered Level 10 of the Dungeon
 21152 | D:10     | Paralysed by a hornet for 2 turns
 21335 | D:10     | Noticed Rudyous's ghost (novice MiFi)
 21340 | D:10     | Found a transporter.
 21349 | D:10     | Found a transporter.
 21350 | D:10     | Noticed Lodul
 21362 | D:10     | Killed Lodul
 21868 | D:10     | Reached **** piety under Trog
 21966 | D:10     | Found a shimmering blue altar of Sif Muna.
 21966 | D:10     | Found a broken altar of Ashenzari.
 21974 | D:10     | Found a burning altar of Makhleb.
 21976 | D:10     | Found a stormy altar of Qazlal.
 21978 | D:10     | Found a snail-covered altar of Cheibriados.
 22695 | D:11     | Found a sacrificial altar of Ru.
 23323 | D:12     | Noticed Nessos
 24257 | D:12     | Noticed Fannar
 24275 | D:12     | Killed Fannar
 24276 | D:12     | Reached skill level 15 in Axes
 24276 | D:12     | Reached skill level 10 in Shields
 24768 | D:13     | Reached skill level 10 in Evocations
 25248 | D:13     | Found a gate to the Vaults.
 25554 | D:13     | Reached XP level 14. HP: 113/125 MP: 11/13
 25623 | D:13     | Identified the +1 leather armour of the Constellations
                  | {Dex+3 Slay-3}
 25777 | D:13     | Noticed Frances
 25794 | D:13     | HP: 5/125 [Frances/+0 dire flail (26)]
 25812 | D:13     | Killed Frances
 26272 | D:12     | Identified the +11 hand axe of Integrity {vamp, rElec rPois
                  | Dex+5}
 26278 | D:12     | Found a staircase to the Orcish Mines.
 26307 | D:12     | Killed Nessos
 26384 | Orc:1    | Entered Level 1 of the Orcish Mines
 26595 | Orc:2    | Entered Level 2 of the Orcish Mines
 26634 | Orc:2    | Paralysed by an orc sorcerer for 3 turns
 26787 | Orc:2    | Found a staircase to the Elven Halls.
 27265 | Elf:1    | Entered Level 1 of the Elven Halls
 27269 | Elf:1    | Reached ***** piety under Trog
 27814 | Orc:2    | Found Laetum's Distillery.
 27834 | Orc:2    | Bought a potion of curing for 42 gold pieces
 27834 | Orc:2    | Bought a potion of curing for 42 gold pieces
 27834 | Orc:2    | Bought a potion of curing for 42 gold pieces
 27863 | Orc:2    | Found an ancient bone altar of Kikubaaqudgha.
 27892 | Orc:2    | Found Ihezyom's Antique Armour Shop.
 28084 | Orc:2    | Found a radiant altar of Vehumet.
 28121 | Orc:2    | Reached ****** piety under Trog
 29076 | D:12     | Noticed Jorgrun
 29093 | D:12     | Killed Jorgrun
 29483 | D:12     | Noticed Snorg
 29493 | D:12     | Killed Snorg
 30187 | Lair:4   | Found a frozen archway.
 30200 | IceCv    | Entered an ice cave
 30292 | IceCv    | Received a gift from Trog
 30480 | IceCv    | Identified the +5 scale mail of Kifricur {Harm rElec rN+
                  | Int+2}
 30585 | Lair:4   | Reached skill level 16 in Axes
 30887 | Lair:4   | Reached XP level 15. HP: 130/135 MP: 12/14
 31017 | Lair:4   | Reached skill level 15 in Armour
 31026 | Lair:4   | Identified the +0 leather armour "Punon" {rElec}
 31407 | Lair:5   | Entered Level 5 of the Lair of Beasts
 32185 | Lair:5   | Found a staircase to the Slime Pits.
 32187 | Lair:5   | Found a viscous altar of Jiyva.
 32806 | Lair:5   | Found a large runed translucent door.
 32860 | Lair:5   | Found a large runed translucent door.
 33928 | Orc:2    | Found Vafaac's Magic Scroll Boutique.
 33932 | Orc:2    | Paralysed by an orc sorcerer for 5 turns
 33972 | Orc:2    | Found Ylatreno's Jewellery Boutique.
 33973 | Orc:2    | Bought a scroll of summoning for 133 gold pieces
 33973 | Orc:2    | Bought a scroll of identify for 28 gold pieces
 33973 | Orc:2    | Bought a scroll of enchant armour for 105 gold pieces
 33973 | Orc:2    | Bought a scroll of acquirement for 728 gold pieces
 33975 | Orc:2    | Acquired the +0 hat "Lyboewn" {-Cast Fly rPois rC+}
 33990 | Orc:2    | Bought the ring "Ykosh" {rCorr Str+6 Int-2 Dex+6 Stlth+}
                  | for 717 gold pieces
 35312 | D:10     | Killed Rudyous's ghost
 35312 | D:10     | Identified the +10 spear of the Endless Cities {vorpal,
                  | *Slow Dex+9} (Trog gifted it to you on level 10 of the
                  | Dungeon)
 35312 | D:10     | Received a gift from Trog
 35628 | D:14     | Found a sparkling altar of Nemelex Xobeh.
 35950 | D:14     | Identified the +0 robe of Histrionic Leaves {+Inv rN+
                  | Dex+4}
 37088 | Elf:1    | Found a portal to a secret trove of treasure.
 37105 | Elf:1    | Found Qyotzy's Antique Weapon Boutique.
 37130 | Elf:1    | Paralysed by an air elemental for 1 turns
 37135 | Elf:1    | Paralysed by an air elemental for 1 turns
 37333 | Elf:1    | Noticed Kirke
 37369 | Elf:1    | Killed Kirke
 37738 | D:15     | Entered Level 15 of the Dungeon
 38975 | D:4      | Killed wormed's ghost
 39439 | Snake:1  | Identified the +3 long sword of Arrival {venom, rElec rC+
                  | Dex+4 Stlth+}
 39746 | Snake:1  | Reached XP level 16. HP: 146/146 MP: 10/15
 39949 | Snake:1  | Received a gift from Trog
 40670 | Orc:2    | Bought a potion of resistance for 140 gold pieces
 40683 | Orc:2    | Acquired a manual of Shields
 41387 | D:15     | Found Tujifuna's General Store.
 41471 | D:15     | Reached skill level 5 in Dodging
 41632 | D:15     | Found a staircase to the Depths.
 42092 | Depths:1 | Entered Level 1 of the Depths
 42951 | Snake:2  | Found Nybic's Book Boutique.
 42951 | Snake:2  | Found Ydiob's Jewellery Shoppe.
 42952 | Snake:2  | Found Ixaapice's Jewellery Shoppe.
 43770 | Snake:3  | Reached skill level 15 in Shields
 43832 | Snake:3  | Received a gift from Trog
 44002 | Snake:3  | Noticed Mlioglotl
 44012 | Snake:3  | Noticed a lich
 44568 | Snake:3  | Killed Mlioglotl
 45191 | Snake:4  | Entered Level 4 of the Snake Pit
 45965 | Snake:4  | Reached skill level 10 in Dodging
 46783 | Snake:4  | Received a gift from Trog
 46784 | Snake:4  | Reached XP level 17. HP: 110/152 MP: 16/16
 47618 | Snake:4  | Got a serpentine rune of Zot
 48543 | Shoals:1 | Noticed a kraken
 48564 | Shoals:1 | Killed a kraken
 48909 | Shoals:2 | Identified the +3 broad axe "Qeakkil" {vorpal, rF+ rN+}
                  | (Trog gifted it to you on level 2 of the Shoals)
 48909 | Shoals:2 | Received a gift from Trog
 50167 | Shoals:2 | Found a runed translucent door.
 50168 | Shoals:2 | Found a shimmering altar of Xom.
 50168 | Shoals:2 | Noticed Bifoip's ghost (adept SpAM)
 50202 | Shoals:2 | Killed Bifoip's ghost
 50900 | Elf:1    | You paid a toll of 5 scrolls of butterflies to enter a
                  | treasure trove
 50901 | Trove    | Entered a treasure trove
 50911 | Trove    | Identified the +7 broad axe of the Thieving Gods {vorpal,
                  | Int+3}
 50913 | Trove    | Identified the -1 cloak of Spite {rElec rC+ SInv}
 50918 | Trove    | Identified the ring "Voanuic" {rC+ MP+9 Str+3 Dex-4 Stlth+}
 52238 | Shoals:3 | Noticed Mara
 52255 | Shoals:3 | Killed Mara
 52567 | Shoals:3 | Reached skill level 15 in Fighting
 52584 | Shoals:3 | Received a gift from Trog
 52977 | Shoals:4 | Entered Level 4 of the Shoals
 53080 | Shoals:4 | Noticed Aizul
 53090 | Shoals:4 | Killed Aizul
 53302 | Shoals:4 | Reached XP level 18. HP: 163/163 MP: 17/17
 53715 | Shoals:4 | Noticed Polyphemus
 53734 | Shoals:4 | Killed Polyphemus
 54044 | Shoals:4 | Found the +9 staff of Wucad Mu {*channel}
 54203 | Shoals:4 | Noticed Bai Suzhen
 54242 | Shoals:4 | Killed Bai Suzhen
 54742 | Shoals:4 | Identified the amulet of Fuediud {Acrobat SInv}
 54793 | Shoals:4 | Got a barnacled rune of Zot
 55112 | Shoals:4 | Received a gift from Trog
 55367 | Slime:1  | Entered Level 1 of the Pits of Slime
 55438 | Slime:1  | Found a viscous altar of Jiyva.
 56948 | Slime:2  | Gained mutation: You are frail. (-10% HP) [a shining eye]
 56975 | Slime:1  | Reached skill level 17 in Axes
 57363 | Slime:2  | Gained mutation: You do not regenerate when monsters are
                  | visible. [a shining eye]
 57364 | Slime:2  | Lost mutation: You are frail. (-10% HP) [a shining eye]
 57388 | Slime:2  | Reached skill level 18 in Axes
 57495 | Slime:2  | Received a gift from Trog
 57524 | Slime:1  | Gained mutation: Armour fits poorly on your strangely
                  | shaped body. [a shining eye]
 58139 | Slime:3  | Reached skill level 19 in Axes
 58448 | Slime:3  | Reached XP level 19. HP: 174/174 MP: 18/18
 59058 | Slime:4  | Identified the +7 broad axe of Noon {vorpal, rC+ Dex+2}
                  | (Trog gifted it to you on level 4 of the Pits of Slime)
 59058 | Slime:4  | Received a gift from Trog
 59497 | Slime:4  | Paralysed by a great orb of eyes for 5 turns
 59691 | Slime:4  | Reached skill level 20 in Axes
 59888 | Slime:5  | Entered Level 5 of the Pits of Slime
 60085 | Slime:5  | Gained mutation: You passively map a small area around you.
                  | [a shining eye]
 60088 | Slime:5  | Gained mutation: You are frail. (-10% HP) [a shining eye]
 60090 | Slime:5  | Gained mutation: You expend magic power (3 MP) to
                  | strengthen your wands. [a shining eye]
 60092 | Slime:5  | Gained mutation: You are dopey. (Int -2) [a shining eye]
 60098 | Slime:5  | Gained mutation: You occasionally lose the ability to drink
                  | potions when taking damage. [a shining eye]
 60103 | Slime:5  | Gained mutation: Your spells are a little easier to cast,
                  | but a little less powerful. [a shining eye]
 60110 | Slime:5  | Gained mutation: Your magical capacity is low. (-10% MP) [a
                  | shining eye]
 60404 | Slime:5  | Reached skill level 21 in Axes
 60634 | Slime:5  | Found a viscous altar of Jiyva.
 61106 | Slime:5  | Found the +5 robe of Night {Dark Will+ SInv}
 61173 | Slime:5  | Noticed the Royal Jelly
 65748 | Vaults:1 | Entered Level 1 of the Vaults
 67493 | Vaults:1 | Received a gift from Trog
 67500 | Vaults:1 | Reached skill level 22 in Axes
 69313 | Vaults:2 | Found a magical portal.
 69322 | WizLab   | Entered Yara's Duelist Academy
 69394 | WizLab   | Reached skill level 15 in Dodging
 69394 | WizLab   | Reached XP level 20. HP: 127/162 MP: 2/17
 69891 | WizLab   | Noticed Nicaoh
 69904 | WizLab   | Killed Nicaoh the Head Instructor
 69904 | WizLab   | Received a gift from Trog
 70166 | Vaults:2 | Reached skill level 10 in Maces & Flails
 70603 | Vaults:2 | Found Icous's Magic Scroll Boutique.
 70640 | Vaults:2 | Bought a scroll of magic mapping for 120 gold pieces
 70640 | Vaults:2 | Bought a scroll of fear for 64 gold pieces
 70640 | Vaults:2 | Bought a scroll of brand weapon for 152 gold pieces
 70640 | Vaults:2 | Bought a scroll of teleportation for 48 gold pieces
 70906 | Vaults:2 | Received a gift from Trog
 71291 | Vaults:3 | Found Xepnuesh's Magic Scroll Shoppe.
 71292 | Vaults:3 | Noticed Margery
 71448 | Vaults:3 | Found Goidghoo's Antique Weapon Shop.
 71456 | Vaults:3 | Found Zecwago's Assorted Antiques.
 71543 | Vaults:3 | Found a crumbling gateway.
 71562 | Desolati | Entered the Desolation of Salt
 71705 | Desolati | Identified the +8 plate armour "Macvetir" {Rampage Str+3
                  | Int+2 Dex+3}
 71744 | Desolati | Identified the +7 mace of Destiny {drain, rC- Int+4 Dex+6}
 71854 | Desolati | Identified the +3 scale mail of the Special Yaks {rN+ Dex-4
                  | Stlth+}
 71985 | Desolati | Identified the ring "Boseufaph" {rElec rN+}
 72088 | Desolati | Received a gift from Trog
 72899 | Desolati | HP: 8/171 [ragged hierophant/a resonance strike (10)]
 73680 | Desolati | Reached XP level 21. HP: 165/179 MP: 17/17
 73710 | Desolati | Received a gift from Trog
 74038 | Desolati | Identified the +1 plate armour "Qeymm" {rF+ rCorr}
 74201 | Desolati | Identified the +1 chain mail "Uletaw" {rElec rN+}
 74214 | Desolati | Identified the ring "Kadu" {rPois Str-3 Int+9}
 74688 | Vaults:3 | Reached skill level 1 in Throwing
 74833 | Vaults:3 | Bought a scroll of fear for 88 gold pieces
 74833 | Vaults:3 | Bought a scroll of teleportation for 66 gold pieces
 74833 | Vaults:3 | Bought a scroll of teleportation for 66 gold pieces
 74866 | Vaults:3 | Found a staircase to the Crypt.
 74946 | Vaults:3 | Killed Margery
 74954 | Vaults:3 | Reached skill level 5 in Throwing
 74979 | Crypt:1  | Entered Level 1 of the Crypt
 75217 | Vaults:3 | Bought a scroll of acquirement for 936 gold pieces
 75217 | Vaults:3 | Bought 3 scrolls of enchant armour for 405 gold pieces
 75220 | Vaults:3 | Acquired 683 gold pieces
 75329 | Vaults:3 | Identified the +6 chain mail "Qinosul" {*Corrode rF+ rN+
                  | Dex+7}
 76636 | Vaults:4 | Received a gift from Trog
 77274 | Vaults:4 | Identified the +1 buckler of Ashenzari, Telling {Rampage
                  | rF+ Dex+3}
 77563 | Vaults:4 | Reached skill level 23 in Axes
 77884 | Vaults:5 | Entered Level 5 of the Vaults
 77885 | Vaults:5 | Noticed an ancient lich
 78335 | Vaults:5 | Noticed a dread lich
 78337 | Vaults:5 | Reached XP level 22. HP: 182/183 MP: 18/18
 78365 | Vaults:4 | Killed a dread lich
 78386 | Vaults:4 | Identified the +7 hand axe "Hytwoil" {antimagic, rCorr
                  | Str+3} (Trog gifted it to you on level 4 of the Vaults)
 78386 | Vaults:4 | Received a gift from Trog
 78424 | Vaults:5 | Noticed an ancient lich
 78429 | Vaults:5 | Noticed a dread lich
 78442 | Vaults:5 | HP: 9/180 [tengu reaver/+3 vorpal glaive (6)]
 78443 | Vaults:5 | Slain by a frost giant

Illustrated notes

Levels and vault maps discovered:
D:1:      spicycebolla_arrival_risky_transporter, layout_loops_corners
D:2:      layout_basic, minmay_pentomino_u4
D:3:      minmay_goblin_kobold_castle, layout_basic,
          ebering_ecumenical_altar_sacrificial
D:4:      layout_rooms, minmay_temple_entry_proselytizer,
          gup_sewer_entry_bubbles, gammafunk_ghost_abyssal_escape
D:5:      layout_loops_corners, lemuel_tele_altar, serial_shops, shop,
          hangedman_abyss_or_decor_stabs
D:6:      layout_cave_pools, st_stairs_6
D:7:      layout_basic, gammafunk_ghost_nasty_kobolds, minmay_door_square,
          chequers_serial_rivers_room_a
D:8:      minmay_the_grid_octo_tiled_squarecenter
          [minmay_the_grid_octo_concentric, minmay_the_grid_octo_thin_diamonds,
          minmay_the_grid_octo_focus, minmay_the_grid_octo_tetromino_candy,
          minmay_the_grid_square_5x5_megaprize_open,
          minmay_the_grid_square_5x5_minimal, minmay_the_grid_square_5x5_v,
          minmay_the_grid_square_5x5_fancy_junction,
          minmay_the_grid_square_5x5_empty], layout_basic,
          okawaru_ov_weapons_minmay, general_overflow_altar,
          small_chamber_with_monster
D:9:      layout_basic, mainiacjoe_overflow_divided_tiny
D:10:     layout_basic, chequers_temple_overflow_minitemple,
          gammafunk_ghost_arena, serial_park_tiny_2, uniq_lodul
D:11:     layout_long_grid, hangedman_ru_absence
D:12:     layout_grid_maze, david_orc_2, uniq_fannar, uniq_snorg, uniq_nessos,
          uniq_jorgrun
D:13:     layout_long_grid, erik_vaults_2, uniq_frances
D:14:     layout_rooms, nemelex_xobeh_ov_fountains_minmay
D:15:     gammafunk_enter_depths_forms, layout_basic, chequers_arboretum,
          serial_shops, shop
Temple:   chequers_temple_sunken
Lair:1:   minmay_guarded_unrand_snakebite, layout_misc_corridors, basic_altar,
          serial_bayou_pond_a, grunt_megastairs_4
Lair:2:   nzn_winding_woodlands_cross [nzn_winding_woodlands_5x15_longhouse,
          nzn_winding_woodlands_5x15_jagged, nzn_winding_woodlands_5x15_crooked,
          nzn_winding_woodlands_5x15_pool,
          nzn_winding_woodlands_15x15_boxy_spiral], layout_loops_ring,
          serial_bayou, serial_bayou_pond_a, serial_bayou_ford_a,
          serial_bayou_lake_a, serial_bayou_pond_e, serial_bayou_pond_d,
          roderic_batcave
Lair:3:   layout_roguey, shoals_dummy_entry,
          minmay_snake_entry_guardpost_medium, infiniplex_staircase_pool_2
Lair:4:   layout_roguey, portal_ice_cave_rime, minivault_26, pond
Lair:5:   cheibrodos_lair_end_hotspot, layout_cave_pods,
          minmay_slime_entry_pillars
Shoals:1: layout_shoals
Shoals:2: layout_shoals, ebering_ghost_xom
Shoals:3: layout_shoals, uniq_mara
Shoals:4: shoals_end_simple, layout_shoals,
          nicolae_shoals_beach_house_on_fowls_legs, uniq_polyphemus, uniq_aizul,
          uniq_bai_suzhen
Snake:1:  layout_concentric_octagons, grunt_megastairs_2
Snake:2:  layout_onion_interference, minmay_shop_grove
Snake:3:  layout_basic, uniq_mlioglotl
Snake:4:  snake_pit_salamanders_mu, layout_cave_town, serial_bayou_shore_b,
          nicolae_triple_integral
Slime:1:  layout_caves, basic_altar
Slime:2:  layout_caves
Slime:3:  layout_caves
Slime:4:  layout_caves
Slime:5
Orc:1:    layout_diamond_mine, serial_shops
Orc:2:    kennysheep_orc_mage_school, layout_diamond_mine
Elf:1:    eino_elf_arrival_sip, layout_loops_cross, serial_shops,
          shop_fountains, enter_trove_1, hangedman_elf_represent,
          small_statue_intersection, abandoned_shop, uniq_kirke
Vaults:1: vaults_dpeg_emergency_exit, v_misc_30, grunt_vaults_funnel,
          ontoclasm_vaults_pinch, nicolae_vaults_little_squares_5,
          v_alt_pattern_1, layout_vaults_omnigrid
Vaults:2: mu_enter_wizlab_4, hangedman_vaults_river_flow, v_misc_10,
          ontoclasm_vaults_chip, hangedman_vaults_cutoff, v_misc_25,
          nicolae_vaults_angled_halls, hangedman_vaults_stagger, v_rooms_6,
          grunt_vaults_focal, ontoclasm_vaults_idyll, layout_vaults_maze_bifur,
          serial_shops, shop_statue
Vaults:3: portal_desolation_entry_twin_temple, hangedman_vaults_cutoff,
          minmay_crypt_entry_simple_box, vaults_standard_mumra_x,
          nicolae_vaults_three_branches, nicolae_vaults_network_quinsquares
          [nicolae_vaults_network_quincunx_subvault,
          nicolae_vaults_network_quincunx_subvault,
          nicolae_vaults_network_quincunx_subvault,
          nicolae_vaults_network_quincunx_subvault], v_misc_30,
          vaults_room_door_hall, grunt_vaults_diagonal, ontoclasm_vaults_twist,
          ontoclasm_vaults_ring_large, vaults_room_pool, vaults_dpeg_ring,
          layout_vaults_omnibox, serial_shops, shop, shop_fountains,
          nicolae_shop_stone, uniq_margery
Vaults:4: nicolae_vaults_holding_cells, ontoclasm_vaults_tryst,
          nicolae_vaults_rhombus_5, nicolae_vaults_circle_grid_b,
          vaults_room_ringed_pool, hangedman_vaults_unwind,
          nicolae_vaults_big_ls, hangedman_vaults_stitches,
          nicolae_vaults_mini_display_case, nicolae_vaults_alarming,
          hangedman_vaults_snaps, vaults_dpeg_hooks, ontoclasm_vaults_gateway,
          layout_vaults_big_room
Vaults:5: serial_shops, uniq_jory
Crypt:1:  layout_misc_corridors, grunt_crypt_arrival_guarded_gate
Depths:1: layout_basic, abyss_entry, serial_sigils_hangedman_gut,
          grunt_hell_entry_dis_mu, nicolae_vehumet_radiance, uniq_nikola

Skill      XL: |  1  2  3  4  5  6  7  8  9 10 11 12 13 14 15 16 17 18 19 20 21 22 |
---------------+-------------------------------------------------------------------+-----
Shields        | 4 5 6 7 8 9 10 11 13 16 19 | 19.6
Fighting       | 4 5 6 7 8 9 10 11 13 14 15 16 17 19 | 19.7
Armour         | 4 5 6 7 8 10 11 12 13 14 16 18 20 | 20.9
Axes           | 3 4 5 6 7 9 10 11 13 14 15 16 19 22 23 | 23.6
Dodging        | 1 3 11 14 15 17 18 | 18.1
Evocations     | 1 3 4 6 7 9 10 11 12 | 12.3
Stealth        | 2 |  2.5
Maces & Flails | 2 4 6 7 8 9 10 | 10.1
Throwing       | 7 |  7.8

Action                   |  1- 3 |  4- 6 |  7- 9 | 10-12 | 13-15 | 16-18 | 19-21 | 22-24 || total
-------------------------+-------+-------+-------+-------+-------+-------+-------+-------++-------
Melee: War axe           |    78 |   178 |   263 |   387 |   228 |    97 |       |     5 ||  1236
       Headbutt          |    11 |    24 |    41 |   131 |   327 |   527 |   750 |    22 ||  1833
       Flail             |       |       |       |    30 |       |       |       |       ||    30
       Whip              |       |       |       |   119 |   291 |    57 |       |       ||   467
       Hand axe          |       |       |       |       |   817 |  1513 |  1956 |    54 ||  4340
       Broad axe         |       |       |       |       |       |    59 |   144 |       ||   203
Throw: Throwing net      |       |     1 |       |       |       |       |       |       ||     1
Invok: Trog's Hand       |       |       |       |       |     2 |     3 |     6 |       ||    11
       Brothers in Arms  |       |       |       |       |       |       |     2 |       ||     2
Evoke: Wand              |       |       |       |    35 |    24 |    14 |     6 |       ||    79
       Lightning rod     |       |       |       |       |    18 |    22 |     7 |       ||    47
       Phantom mirror    |       |       |       |       |     1 |       |     1 |       ||     2
       Condenser vane    |       |       |       |       |       |       |     1 |     1 ||     2
  Use: Scroll            |     2 |     2 |     9 |    15 |    18 |     6 |    23 |       ||    75
       Potion            |       |       |    10 |     1 |     5 |     2 |    14 |     4 ||    36
 Stab: Invisible         |       |       |     7 |       |       |       |     6 |    13 ||    26
       Distracted        |       |       |       |       |       |       |     1 |       ||     1
Armor: Scale mail        |    33 |    36 |       |       |       |       |       |       ||    69
       Plate armour      |       |   115 |   185 |   252 |   291 |       |   148 |    56 ||  1047
       Skin              |       |       |     4 |       |       |       |       |       ||     4
       Crystal plate arm |       |       |       |       |   373 |   552 |   452 |       ||  1377
Dodge: Dodged            |    39 |    83 |    79 |   193 |   318 |   486 |   859 |   111 ||  2168
Block: Buckler           |    20 |    56 |    63 |   186 |   205 |       |       |       ||   530
       Kite shield       |       |       |       |       |   368 |  1457 |  1330 |   127 ||  3282
       Reflection        |       |       |       |       |    17 |   105 |     1 |       ||   123
